 Dungeon Crawl Stone Soup version 0.26-a0-597-gb535b0901c (webtiles) character file.

Game seed: 11941135215309516482

248419 ohyeonseo the Unseen (level 19, -4/109 HPs)
             Began as a Spriggan Berserker on Sept 14, 2020.
             Was the Champion of Trog.
             Slain by a vault warden
             ... wielding a +0 broad axe
              (17 damage)
             ... on level 2 of the Vaults.
             The game lasted 01:39:41 (42402 turns).

ohyeonseo the Unseen (Spriggan Berserker)          Turns: 42402, Time: 01:39:42

Health: -4/109     AC: 16    Str: 19    XL:     19   Next: 25%
Magic:  20/20      EV: 28    Int:  8    God:    Trog [******]
Gold:   3577       SH:  8    Dex: 18    Spells: 18/18 levels left

rFire    . . .     SeeInvis +   b - +8 autumn katana {vorpal, Clar}
rCold    + . .     Faith    .   F - +0 buckler
rNeg     . . .     Spirit   .   E - +0 swamp dragon scales
rPois    +         Reflect  .   X - +2 hat
rElec    .         Harm     .   Z - +2 cloak {rCorr}
rCorr    +         Clarity  +   (gloves unavailable)
MR       +++..                  (boots unavailable)
Stlth    ++++++....             S - amulet "Xyziba" {Regen+ Slay+2 SInv}
HPRegen  0.68/turn              B - +4 ring of slaying
MPRegen  0.17/turn              t - +4 ring of slaying

@: about to teleport, berserk cooldown, slowed, quick
A: very small, unfitting armour, see invisible, cold resistance 1, speed 3,
poison resistance
}: 1/15 runes: serpentine
a: Berserk, Trog's Hand, Brothers in Arms, Renounce Religion


You were on level 2 of the Vaults.
You worshipped Trog.
Trog was exalted by your worship.
You visited 5 branches of the dungeon, and saw 29 of its levels.
You also visited: Gauntlet and Ice Cave.

You collected 5502 gold pieces.
You spent 1925 gold pieces at shops.

Inventory:

Hand Weapons
 a - a +9 quick blade of flaming
 b - the +8 autumn katana (weapon) {vorpal, Clar}
   (You bought it in a shop on level 1 of the Snake Pit)

   It inflicts extra damage upon your enemies.
   It protects you against confusion.
Missiles
 u - 62 poisoned darts (quivered)
 v - 22 boomerangs
 y - 6 silver boomerangs
 Y - 6 boomerangs of dispersal
Armour
 o - the +0 cloak of Lethargy {rF+ rC+ rN+}
   (You found it on level 4 of the Lair of Beasts)

   It protects you from fire.
   It protects you from cold.
   It protects you from negative energy.
 E - +0 swamp dragon scales (worn)
 F - a +0 buckler (worn)
 X - a +2 hat (worn)
 Z - a +2 cloak of preservation (worn)
Jewellery
 l - an uncursed ring of positive energy
 s - an uncursed ring of ice
 t - a +4 ring of slaying (right hand)
 x - an uncursed ring of resist corrosion
 B - a +4 ring of slaying (left hand)
 H - an uncursed ring of protection from cold
 S - the amulet "Xyziba" (around neck) {Regen+ Slay+2 SInv}
   (You found it on level 15 of the Dungeon)

   [amulet of regeneration]

   It affects your accuracy and damage with ranged weapons and melee attacks
   (+2).
   It lets you see invisible.
   It increases your rate of regeneration.
 T - an uncursed ring of fire
 V - an uncursed ring of protection from fire
 W - the ring "Soron" {rN+ Str+7}
   (You found it in a Gauntlet)

   [ring of positive energy]

   It affects your strength (+7).
   It protects you from negative energy.
Wands
 f - a wand of iceblast (8)
 j - a wand of paralysis (37)
 J - a wand of digging (6)
 L - a wand of acid (17)
 N - a wand of enslavement (5)
Scrolls
 e - 5 scrolls of remove curse
 i - 10 scrolls of magic mapping
 m - 10 scrolls of teleportation
 w - 7 scrolls of immolation
 A - 6 scrolls of enchant armour
 D - 3 scrolls of holy word
 P - a scroll of fog
 Q - 2 scrolls of fear
 U - 8 scrolls of identify
Potions
 c - 3 potions of cancellation
 d - 4 potions of heal wounds
 g - 16 potions of curing
 h - 9 potions of might
 k - 2 potions of resistance
 n - 2 potions of magic
 p - 4 potions of invisibility
 q - 6 potions of lignification
 r - 6 potions of ambrosia
 z - 2 potions of stabbing
 C - 3 potions of berserk rage
 G - 7 potions of mutation
 I - 3 potions of flight
 O - 3 potions of haste
Miscellaneous
 K - a phantom mirror
 M - a lightning rod (4/4)
 R - a box of beasts (3/3)


   Skills:
 * Level 15.7 Fighting
 - Level 10.0(13.1) Short Blades
 - Level 11.1(12.0) Long Blades
 - Level 12.4 Throwing
 * Level 11.0 Armour
 - Level 13.3 Dodging
 - Level 17.9 Stealth
 - Level 7.2 Shields
 + Level 3.3 Evocations


You had 18 spell levels left.
You didn't know any spells.
Your spell library was empty.

Dungeon Overview and Level Annotations

Branches:
Dungeon (15/15)            Temple (0/1) D:4            Lair (6/6) D:9
 Shoals (0/4) Lair:4        Snake (4/4) Lair:2        Slime (0/5) Lair:5
    Orc (2/2) D:12            Elf (0/3) Orc:2        Vaults (2/5) D:13
 Depths (0/5) D:15          IceCv (visited)         Gauntlet (visited)
  Crypt: Vaults:2-3

Altars:
Cheibriados
Hepliaklqana
Makhleb
Qazlal
Sif Muna
Trog
Uskayaw
Vehumet
Wu Jian
Xom
Zin
The Shining One
Beogh

Shops:
D:9 (   D:11 =   Orc:2 =[*(   Snake:1 ?*   Snake:4 [=}=:*=(   Vaults:1 }

Portals:
Trove: Vaults:1 (give horn of Geryon)

Annotations:
D:8 exclusion: downstairs
D:12 3 runed translucent doors, zikan's ghost, journeyman GnFi
Lair:2 exclusion: downstairs


Innate Abilities, Weirdness & Mutations

You are very small and have problems with some larger weapons.
You are too small for most types of armour.
You have supernaturally acute eyesight. (SInv)
You cover ground extremely quickly.
Your flesh is cold resistant. (rC+)
Your system is resistant to poisons. (rPois)


Message History

The shadow wraith completely misses you.
The vault warden hits you but does no damage.
The jiangshi completely misses you.
You riposte.
You closely miss the jiangshi. You block the jiangshi's attack.
The two-headed ogre closely misses you.
The two-headed ogre hits you with a +0 giant club!
* * * LOW HITPOINT WARNING * * *
The vampire misses you.
You riposte.
You slice the vampire!!
The vampire is severely damaged.
The vampire closely misses you. The shadow wraith closely misses you.
You hear a shout!
You feel much better.
You hear a shout! x2
The jiangshi closely misses you. The jiangshi claws you!
* * * LOW HITPOINT WARNING * * *
The jiangshi draws strength from your injuries!
The jiangshi closely misses you.
You riposte.
You slice the jiangshi!!
The jiangshi is heavily damaged.
You block the jiangshi's attack.
The vault warden hits you with a +0 broad axe!
You die...

....# #? 8...# #..
#..ยง####### #...
#...#.....# '...#
##...#.....#
#...8###8...#.....# ######
#....WzpWVW.#.....# .....#
#.#.DWWep@#.#.....########
.....#
#....WpVOV..+.....#...##.#
.....#
#############.....'...##.#
.....# #######.......
.)...# ###.(... (....#
###..... ####(############
#.(...(. #.......#.....#
###..... #.......#.....#
#.....


You could see a vault warden, 2 vault guards, a jiangshi (summoned), a
two-headed ogre, a vampire mage, 3 shadow wraiths, a deep elf knight (fast), a
phantasmal warrior (summoned), a freezing wraith (summoned), a vampire
(summoned), a wraith, an acid dragon and a flying skull (summoned).

Vanquished Creatures
  Vashnia (Snake:4)
  2 sphinxes (Vaults:2)
  Donald (Orc:2)
  9 nagarajas
  3 vault wardens (Vaults:1)
  A frost giant (IceCv)
  An orc warlord (Orc:1)
  Aizul (Snake:4)
  A stone giant (Vaults:2)
  6 ironheart preservers
  2 very ugly things (D:12)
  2 vampire knights (Vaults:2)
  A dire elephant (D:15)
  A minotaur (Gauntlet)
  Azrael (Snake:1)
  2 green deaths (Snake:3)
  A deep elf death mage (Vaults:1)
  A fire dragon (Vaults:2)
  2 yaktaur captains
  Josephine (Snake:1)
  6 hydras
  13 naga warriors
  5 vault guards
  4 centaur warriors
  9 anacondas
  A death knight (Vaults:1)
  3 deep troll shamans
  8 ogre magi
  26 two-headed ogres
  7 death yaks
  A tengu warrior (D:15)
  3 shock serpents
  A deep troll earth mage (Vaults:1)
  13 naga sharpshooters
  An orc high priest (Orc:2)
  2 deep elf knights
  A salamander mystic (Snake:3)
  8 skeletal warriors
  3 unseen horrors
  2 wizards (D:13)
  A glowing orange brain (D:12)
  A flayed ghost (Vaults:1)
  4 deep elf archers
  6 deep trolls
  6 naga ritualists
  Pikel (D:6)
  An obsidian statue (Gauntlet)
  3 ironbrand convokers
  2 necromancers (Vaults:1)
  3 oklob plants (Lair:5)
  15 ugly things
  10 orc knights
  8 cyclopes
  6 mana vipers
  4 deep elf magi
  A wolf spider (Vaults:2)
  A wolf spider zombie (D:15)
  5 orc sorcerers
  A moth of wrath (shapeshifter) (D:15)
  5 guardian serpents
  13 salamanders
  A vault sentinel (Vaults:1)
  3 merfolk sirens (Lair:4)
  6 elephants
  27 black mambas
  2 ice statues (IceCv)
  19 naga magi
  Maggie (D:6)
  3 centaur zombies
  A gargoyle (D:13)
  8 cane toads
  A kobold demonologist (D:15)
  A torpor snail (Lair:6)
  A rime drake (Lair:6)
  16 yaktaurs
  A freezing wraith (Vaults:2)
  2 ice devils (D:15)
  A yaktaur skeleton (Vaults:1)
  8 komodo dragons
  A merfolk (Lair:4)
  2 efreet
  2 queen bees (shapeshifter)
  8 trolls
  A jumping spider (shapeshifter) (Vaults:1)
  6 hornets
  A tengu conjurer (D:15)
  3 meliai (D:13)
  18 polar bears
  A harpy skeleton (D:15)
  2 hornets (shapeshifter)
  19 slime creatures
  3 dream sheep (Lair:6)
  18 blink frogs
  10 hippogriffs
  14 spriggans (Lair:6)
  6 shadows
  3 fire elementals (Snake:1)
  9 wraiths
  6 wyverns
  A human (D:13)
  55 yaks
  Grum (Lair:1)
  2 vampire mosquitoes (D:15)
  2 basilisks
  A warg (Vaults:2)
  Edmund (D:5)
  2 acid dragons
  63 nagas
  2 two-headed ogre zombies (D:12)
  17 water moccasins
  4 hell hounds
  3 porcupines
  37 orc warriors
  2 necrophages
  2 hornet zombies
  5 sky beasts
  2 black bears (Lair:6)
  3 phantoms
  6 ice beasts
  A black bear (shapeshifter) (D:15)
  An eye of draining (D:10)
  62 wolves
  15 centaurs
  27 ogres
  15 boggarts
  An elf skeleton (Vaults:1)
  2 lemures (D:6)
  10 crocodiles
  3 big kobolds
  14 bullfrogs
  2 human skeletons (Vaults:1)
  Blork the orc (D:5)
  A wyvern zombie (D:13)
  A glowing shapeshifter simulacrum (Vaults:1)
  3 troll zombies (D:12)
  6 scorpions
  17 killer bees
  16 wights
  4 howler monkeys
  4 bullfrog zombies
  4 jellies
  20 orc wizards
  6 centaur skeletons
  3 gnoll shamans
  11 orc priests
  8 hounds
  3 iron imps (D:5)
  Crazy Yiuf (D:5)
  2 bullfrog skeletons
  3 iguanas
  8 worker ants
  4 hell rats (Lair:6)
  A killer bee zombie (D:6)
  3 ogre zombies (D:12)
  A hound skeleton (D:8)
  3 worker ant zombies
  24 gnolls
  A howler monkey skeleton (D:10)
  14 adders
  2 white imps
  4 ufetubi
  3 oozes
  An adder skeleton (D:4)
  3 worms
  3 dart slugs
  5 leopard geckos
  71 orcs
  9 bats
  3 giant cockroaches
  14 goblins
  9 hobgoblins
  8 jackals
  5 quokkas
  3 ball pythons
  6 frilled lizards
  2 goblin zombies (D:12)
  A hobgoblin skeleton (D:12)
  3 hobgoblin zombies (D:12)
  A jackal skeleton (D:6)
  2 jackal zombies
  14 kobolds
  A leopard gecko skeleton (D:6)
  3 orc skeletons (D:12)
  16 orc zombies (D:12)
  2 quokka zombies
  7 rats
1227 creatures vanquished.

Vanquished Creatures (collateral kills)
  A nagaraja (Snake:3)
  The ghost of Ygis Bepp the Blocker, a journeyman GnFi of Qazlal (D:15)
  A hell hound (Lair:2)
3 creatures vanquished.

Vanquished Creatures (others)
  A naga (Snake:3)
  An eye of draining (D:15)
  An orc (D:15)
  11 bushes (D:15)
  33 fungi
  29 plants
  11 withered plants (Gauntlet)
87 creatures vanquished.

Grand Total: 1317 creatures vanquished

Notes
Turn   | Place    | Note
-------+----------+-------------------------------------------
     0 | D:1      | ohyeonseo the Spriggan Berserker began the quest for the
                  | Orb.
     0 | D:1      | Reached XP level 1. HP: 11/11 MP: 2/2
   375 | D:1      | Reached XP level 2. HP: 16/16 MP: 3/3
   876 | D:1      | Reached skill level 5 in Dodging
   876 | D:1      | Reached XP level 3. HP: 19/19 MP: 4/4
  1339 | D:1      | Reached ** piety under Trog
  1901 | D:2      | Reached XP level 4. HP: 24/24 MP: 5/5
  1925 | D:2      | Reached skill level 1 in Stealth
  2026 | D:2      | Found a hazy altar of Hepliaklqana.
  2028 | D:2      | Found a shimmering altar of Xom.
  2031 | D:2      | Found a glowing golden altar of the Shining One.
  2053 | D:2      | Found a radiant altar of Vehumet.
  2539 | D:3      | Reached XP level 5. HP: 28/28 MP: 6/6
  3220 | D:3      | Reached skill level 5 in Short Blades
  3220 | D:3      | Reached skill level 2 in Stealth
  3368 | D:3      | Reached *** piety under Trog
  3509 | D:3      | Found a shimmering blue altar of Sif Muna.
  3855 | D:4      | Reached XP level 6. HP: 32/32 MP: 7/7
  4364 | D:4      | Reached skill level 3 in Stealth
  4509 | D:4      | Found a staircase to the Ecumenical Temple.
  4665 | D:5      | Entered Level 5 of the Dungeon
  4667 | D:5      | Noticed Blork the orc
  4864 | D:5      | Killed Blork the orc
  4915 | D:5      | Noticed a sky beast
  4943 | D:5      | Reached XP level 7. HP: 36/36 MP: 8/8
  4991 | D:5      | Reached skill level 4 in Stealth
  5046 | D:5      | Reached **** piety under Trog
  5367 | D:5      | Noticed Edmund
  5420 | D:5      | Killed Edmund
  5420 | D:5      | Reached skill level 5 in Stealth
  5704 | D:5      | Found a runed translucent door.
  5705 | D:5      | Noticed Crazy Yiuf
  5822 | D:5      | Reached skill level 1 in Throwing
  5945 | D:5      | Found a burning altar of Makhleb.
  6121 | D:4      | Reached XP level 8. HP: 35/42 MP: 9/9
  6688 | D:5      | Found an ornate altar of the Wu Jian Council.
  6893 | D:5      | Killed Crazy Yiuf
  7024 | D:6      | Reached skill level 6 in Stealth
  7123 | D:6      | Noticed Pikel
  7133 | D:6      | Killed Pikel
  7133 | D:6      | Reached skill level 7 in Stealth
  7762 | D:6      | Reached XP level 9. HP: 46/46 MP: 10/10
  7872 | D:6      | Noticed Maggie
  7882 | D:6      | Killed Maggie
  7882 | D:6      | Reached skill level 8 in Stealth
  8386 | D:7      | Reached skill level 9 in Stealth
  8496 | D:7      | Reached ***** piety under Trog
  8636 | D:7      | Reached skill level 1 in Armour
  8853 | D:7      | Found a glowing silver altar of Zin.
  8964 | D:7      | Found a snail-covered altar of Cheibriados.
  9184 | D:7      | Reached skill level 10 in Stealth
  9368 | D:8      | Noticed a two-headed ogre
  9380 | D:8      | Killed a two-headed ogre
  9380 | D:8      | Reached skill level 5 in Fighting
  9380 | D:8      | Reached XP level 10. HP: 51/51 MP: 11/11
  9560 | D:8      | Found a hide-covered altar of Uskayaw.
  9560 | D:8      | Noticed a +0 dagger
  9560 | D:8      | Noticed a +0 hand axe
  9958 | D:8      | Reached skill level 10 in Dodging
 10492 | D:9      | Noticed a two-headed ogre
 10509 | D:9      | Killed a two-headed ogre
 10509 | D:9      | Reached skill level 5 in Throwing
 10657 | D:9      | Reached skill level 10 in Short Blades
 10769 | D:9      | Received a gift from Trog
 10811 | D:9      | Found a staircase to the Lair.
 10936 | D:9      | Found a stormy altar of Qazlal.
 11249 | D:9      | Found Daskoshawa's Weapon Shop.
 11388 | D:9      | Reached skill level 11 in Stealth
 11532 | D:9      | Found a bloodstained altar of Trog.
 12193 | D:9      | Found a burning altar of Makhleb.
 12385 | D:10     | Entered Level 10 of the Dungeon
 12385 | D:10     | Noticed a two-headed ogre
 12388 | D:10     | Killed a two-headed ogre
 12388 | D:10     | Reached XP level 11. HP: 56/56 MP: 12/12
 12988 | D:10     | Got an iridescent short sword
 12989 | D:10     | Identified the cursed +1 short sword "Bybb" {freeze, Str+4}
                  | (You found it on level 10 of the Dungeon)
 13005 | D:11     | Noticed a five-headed hydra
 13021 | D:11     | Killed a five-headed hydra
 13238 | D:11     | Found Gukkomop's Jewellery Shoppe.
 13392 | D:11     | Reached skill level 5 in Armour
 13477 | D:11     | Noticed an unseen horror
 13481 | D:11     | Killed an unseen horror
 13481 | D:11     | Reached skill level 12 in Stealth
 14117 | D:12     | Found a runed translucent gate.
 14118 | D:12     | Found a runed translucent gate.
 14119 | D:12     | Noticed a cyan ugly thing
 14122 | D:12     | Noticed a cyan ugly thing
 14123 | D:12     | Noticed a glowing orange brain
 14126 | D:12     | Found a runed translucent gate.
 14127 | D:12     | Noticed a white ugly thing
 14190 | D:12     | Noticed a brown ugly thing
 14218 | D:12     | Killed a brown ugly thing
 14418 | D:12     | Noticed a deep elf mage
 14424 | D:12     | Killed a deep elf mage
 14429 | D:12     | Noticed a purple ugly thing
 14433 | D:12     | Killed a purple ugly thing
 14473 | D:12     | Noticed a two-headed ogre
 14501 | D:12     | Killed a two-headed ogre
 14501 | D:12     | Reached skill level 13 in Stealth
 14673 | D:12     | Received a gift from Trog
 14706 | D:12     | Noticed a two-headed ogre
 14725 | D:12     | Killed a two-headed ogre
 14725 | D:12     | Reached XP level 12. HP: 63/63 MP: 13/13
 14756 | D:12     | Found a staircase to the Orcish Mines.
 15624 | D:12     | Noticed a green very ugly thing
 15625 | D:12     | Noticed a red very ugly thing
 15703 | D:12     | Reached skill level 14 in Stealth
 16153 | D:12     | Killed a green very ugly thing
 16245 | D:12     | Killed a red very ugly thing
 16370 | D:12     | Found a runed translucent gate.
 16370 | D:12     | Found a runed translucent gate.
 16375 | D:12     | Found a runed translucent gate.
 16384 | D:12     | Noticed zikan's ghost (journeyman GnFi)
 16393 | D:12     | Gained mutation: Your system is resistant to poisons.
                  | (rPois) [potion of mutation]
 16393 | D:12     | Gained mutation: Your flesh is cold resistant. (rC+)
                  | [potion of mutation]
 16548 | D:13     | Noticed a vault guard
 16566 | D:13     | Reached ****** piety under Trog
 16601 | D:13     | Reached skill level 10 in Throwing
 16653 | D:13     | Noticed a two-headed ogre
 16671 | D:13     | Killed a two-headed ogre
 17060 | D:13     | Received a gift from Trog
 17697 | D:13     | Reached XP level 13. HP: 68/68 MP: 14/14
 18062 | D:13     | Reached skill level 15 in Stealth
 18355 | D:13     | Reached skill level 1 in Long Blades
 18676 | D:13     | Found a gate to the Vaults.
 19699 | D:14     | Received a gift from Trog
 19791 | D:14     | Got a slimy short sword {god gift}
 19792 | D:14     | Identified the +4 short sword "Fuugatt" {vorpal, rPois rN+}
                  | (Trog gifted it to you on level 14 of the Dungeon)
 19931 | D:14     | Identified a scroll of acquirement
 19931 | D:14     | Acquired 2840 gold pieces
 20157 | D:14     | Reached XP level 14. HP: 75/75 MP: 15/15
 20204 | D:15     | Entered Level 15 of the Dungeon
 20252 | D:15     | Found a runed translucent gate.
 20252 | D:15     | Found a runed translucent gate.
 20253 | D:15     | Found a runed translucent gate.
 20257 | D:15     | Noticed Ygis Bepp's ghost (journeyman GnFi)
 20307 | D:15     | Reached skill level 16 in Stealth
 20395 | D:15     | Found a frozen archway.
 20568 | IceCv    | Entered an ice cave
 21433 | IceCv    | Reached XP level 15. HP: 80/80 MP: 16/16
 21502 | IceCv    | Noticed a frost giant
 21538 | IceCv    | Killed a frost giant
 21594 | IceCv    | Reached skill level 5 in Long Blades
 22327 | D:15     | Reached skill level 10 in Fighting
 22593 | D:15     | Received a gift from Trog
 23041 | D:15     | Found a staircase to the Depths.
 23688 | D:15     | Killed Ygis Bepp's ghost
 23751 | D:15     | Got a heavily runed tin amulet
 23766 | D:15     | Identified the amulet "Xyziba" {Regen+ Slay+2 SInv} (You
                  | found it on level 15 of the Dungeon)
 23844 | Lair:1   | Entered Level 1 of the Lair of Beasts
 24114 | Lair:1   | Noticed Grum
 24136 | Lair:1   | Killed Grum
 24832 | Lair:2   | Found a staircase to the Snake Pit.
 24841 | Lair:2   | Received a gift from Trog
 25281 | Lair:3   | Found a gate leading to a gauntlet.
 25295 | Gauntlet | Entered a Gauntlet
 25295 | Gauntlet | Found a transporter.
 25295 | Gauntlet | Found a transporter.
 25296 | Gauntlet | Found a transporter.
 25296 | Gauntlet | Found a transporter.
 25299 | Gauntlet | Found a transporter.
 25309 | Gauntlet | Found a transporter.
 25376 | Gauntlet | Found a transporter.
 25390 | Gauntlet | Found a transporter.
 25401 | Gauntlet | Found a transporter.
 25413 | Gauntlet | Found a transporter.
 25426 | Gauntlet | Found a transporter.
 25432 | Gauntlet | Found a transporter.
 25527 | Gauntlet | Got a pitted marble ring
 25575 | Gauntlet | Identified the ring "Soron" {rN+ Str+7} (You found it in a
                  | Gauntlet)
 25584 | Gauntlet | Reached skill level 17 in Stealth
 26590 | Lair:3   | Found a shimmering blue altar of Sif Muna.
 26823 | Lair:4   | Found a staircase to the Shoals.
 27034 | Lair:4   | Received a gift from Trog
 27082 | Lair:4   | Got a heavily runed cloak
 27093 | Lair:4   | Identified the cursed +0 cloak of Lethargy {rF+ rC+ rN+}
                  | (You found it on level 4 of the Lair of Beasts)
 27187 | Lair:4   | Reached XP level 16. HP: 87/87 MP: 17/17
 27467 | Lair:4   | Reached skill level 1 in Shields
 28401 | Lair:5   | Found a staircase to the Slime Pits.
 29031 | Lair:6   | Entered Level 6 of the Lair of Beasts
 29145 | Lair:6   | Received a gift from Trog
 29804 | Lair:6   | Received a gift from Trog
 29818 | Lair:6   | Got a steaming spear {god gift}
 29819 | Lair:6   | Identified the +5 spear "Imuitem" {vorpal, +Rage rF- Dex+2}
                  | (Trog gifted it to you on level 6 of the Lair of Beasts)
 30526 | Orc:1    | Entered Level 1 of the Orcish Mines
 30600 | Orc:2    | Entered Level 2 of the Orcish Mines
 30691 | Orc:2    | Found Mameoxke's Jewellery Shoppe.
 31368 | Orc:2    | Found a staircase to the Elven Halls.
 31407 | Orc:2    | Found Soham's Antique Armour Boutique.
 31511 | Orc:2    | Noticed Donald
 31529 | Orc:2    | Killed Donald
 31629 | Orc:2    | Found Joiruw's Antique Weapon Boutique.
 31859 | Orc:2    | Found Ikexzone's General Store.
 31871 | Orc:2    | Bought a scroll of enchant weapon for 105 gold pieces
 32291 | Orc:2    | Found a roughly hewn altar of Beogh.
 32601 | Snake:1  | Entered Level 1 of the Snake Pit
 33364 | Snake:1  | Reached XP level 17. HP: 94/94 MP: 18/18
 33567 | Snake:1  | Received a gift from Trog
 33587 | Snake:1  | Noticed Azrael
 33597 | Snake:1  | Killed Azrael
 33929 | Snake:1  | Found Honkiel's Magic Scroll Shop.
 33939 | Snake:1  | Found Fedaiv's General Store.
 33946 | Snake:1  | Noticed Josephine
 33953 | Snake:1  | Killed Josephine
 34198 | Snake:1  | Bought the +8 autumn katana {vorpal, Clar} for 728 gold
                  | pieces
 34198 | Snake:1  | Found the +8 autumn katana {vorpal, Clar}
 34739 | Snake:2  | Reached skill level 5 in Shields
 35666 | Snake:3  | Received a gift from Trog
 35789 | Snake:3  | Reached skill level 10 in Armour
 36253 | Snake:3  | Found a runed translucent door.
 36264 | Snake:3  | Identified the cursed +3 longbow of Matuavu {vorpal, rF+
                  | Dex+5}
 36967 | Snake:4  | Entered Level 4 of the Snake Pit
 37146 | Snake:4  | Found Kexirol's Antique Armour Shoppe.
 37410 | Snake:4  | Found Viucuyzum's Jewellery Boutique.
 37422 | Snake:4  | Noticed Aizul
 37467 | Snake:4  | Found Toyg's General Store.
 37500 | Snake:4  | Killed Aizul
 37521 | Snake:4  | Reached skill level 10 in Long Blades
 37923 | Snake:4  | Found Vubrujag's Gadget Emporium.
 37924 | Snake:4  | Found Ighefiok's Jewellery Shop.
 37924 | Snake:4  | Found Jahec's Jewellery Shop.
 37938 | Snake:4  | Bought a +4 ring of slaying for 1092 gold pieces
 37986 | Snake:4  | Found Dysumisiuts's Book Shoppe.
 37992 | Snake:4  | Noticed Vashnia
 38000 | Snake:4  | Killed Vashnia
 38136 | Snake:4  | Reached XP level 18. HP: 98/100 MP: 19/19
 38273 | Snake:4  | Received a gift from Trog
 38278 | Snake:4  | Found Zasipioq's Weapon Emporium.
 38957 | Snake:4  | Got a serpentine rune of Zot
 39144 | Snake:4  | Received a gift from Trog
 39479 | Vaults:1 | Entered Level 1 of the Vaults
 39833 | Vaults:1 | Found a shimmering altar of Xom.
 39922 | Vaults:1 | Found Hifu's Gadget Shop.
 40102 | Vaults:1 | Received a gift from Trog
 40385 | Vaults:1 | Found a portal to a secret trove of treasure.
 41688 | Vaults:2 | Reached skill level 15 in Fighting
 41697 | Vaults:2 | Received a gift from Trog
 41702 | Vaults:2 | Reached XP level 19. HP: 83/108 MP: 20/20
 42401 | Vaults:2 | HP: 3/109 [two-headed ogre/+0 giant spiked club (11)]
 42402 | Vaults:2 | Slain by a vault warden

Illustrated notes

Levels and vault maps discovered:
D:1:      dpeg_arrival_rooms_a, layout_basic
D:2:      layout_rooms, fiery_altar_vehumet, minitemple
D:3:      layout_basic, marbit_many_paths
D:4:      layout_rooms, lemuel_temple_firewalk_b
D:5:      layout_basic, demons_altar, kennysheep_mini_moat, uniq_blork_the_orc,
          uniq_crazy_yiuf_cottage, uniq_edmund
D:6:      layout_loops_ring, uniq_maggie, uniq_pikel
D:7:      layout_basic, cheibriados_altar_1, zin_statuary
D:8:      layout_loops_ring, dancing_weapons_uskayaw
D:9:      layout_cave_pods, bloody_trog, nicolae_qazlal_eye_of_the_storm,
          david_lair_shrubbed, serial_shops, kennysheep_little_box,
          david_defended_altar_orc
D:10:     layout_big_octagon, dk_vineyard_2
D:11:     layout_cave_pools, serial_shops, shop, minmay_variable_closet
D:12:     layout_loops_corners, zombieorc2_lemuel,
          ploomutoo_gammafunk_ghost_potion_laboratory, grunt_decor_resistance
D:13:     layout_roguey, grunt_vaults_entry_fortified
D:14:     layout_loops_cross, minmay_crystal_room, blue_anna_alchemist
          [blue_anna_fruit_fields, blue_anna_fruit_fields]
D:15:     hangedman_depths_entry_try_elsewhere_first, layout_irregular_city,
          serial_park_square1 [serial_park_minivault_5x5_2],
          portal_ice_cave_demonic_guard, gammafunk_ghost_tricky_traps,
          small_chamber_with_monster
Lair:1:   layout_small_grid, nicolae_lair_grove_arrangements,
          grunt_megastairs_2, infiniplex_staircase_pool_2, serial_bayou_shore_b,
          uniq_grum
Lair:2:   layout_roguey, dummy_snake_entry, serial_bayou_pond_c
Lair:3:   layout_loops_ring, basic_altar, gauntlet_entry_generic,
          grunt_megastairs_1
Lair:4:   layout_regular_city, elwin_shoals_entry_stream, grunt_megastairs_3,
          serial_bayou_shore_b
Lair:5:   layout_long_grid, minmay_slime_entry_oklob_enclosed
Lair:6:   minmay_lair_end_enchanted_forest, layout_gridlike,
          chequers_serial_rivers_large_a
Snake:1:  layout_grid_shapes, lemuel_fruit_tree, minmay_shop_star,
          serial_bayou_shore_b, uniq_azrael, uniq_josephine
Snake:2:  layout_onion
Snake:3:  cheibrodos_toxic_ritual, layout_gridlike
Snake:4:  minmay_snake_end_coiled, layout_cave_town, serial_shops, shop, shop,
          shop, shop, shop_statue, drop_trap, minmay_shop_grove, uniq_vashnia,
          uniq_aizul
Orc:1:    layout_diamond_mine
Orc:2:    grunt_orc_gardens, layout_caves, grunt_orc_garden, grunt_orc_garden,
          grunt_orc_garden, grunt_orc_garden, basic_altar, uniq_donald
Vaults:1: nicolae_vaults_network_barrier, vaults_room_corners,
          nicolae_vaults_border_crossing, nicolae_vaults_yaktaur_gun_rack,
          nicolae_vaults_specimen_jars, nicolae_vaults_little_squares_6,
          nicolae_vaults_little_squares_3, ontoclasm_vaults_shuriken,
          ontoclasm_vaults_hangar, layout_vaults_omnigrid, serial_shops,
          nicolae_shop_trees, basic_altar, nicolae_trove_entry_columns
Vaults:2: v_misc_19, minmay_crypt_entry_simple_statues, grunt_vaults_diagonal,
          vaults_room_guarded_vault, vaults_room_corners, hangedman_vaults_maws,
          hangedman_vaults_maws, v_rooms_4, v_misc_1, vaults_room_corners,
          nicolae_vaults_circle_grid_b, vaults_dpeg_ring, layout_vaults_maze

Skill      XL: |  1  2  3  4  5  6  7  8  9 10 11 12 13 14 15 16 17 18 19 |
---------------+----------------------------------------------------------+-----
Dodging        | 5 6 7 8 9 10 11 12 13 | 13.3
Fighting       | 3 4 5 6 7 8 9 11 12 13 15 | 15.7
Short Blades   | 4 5 6 7 8 9 10 | 10.0
Stealth        | 1 2 3 5 7 10 11 13 14 15 16 17 | 17.9
Throwing       | 1 3 4 6 8 10 11 12 | 12.4
Armour         | 2 4 5 6 7 8 9 10 11 | 11.0
Long Blades    | 4 6 7 10 11 | 11.1
Evocations     | 3 |  3.3
Shields        | 4 5 7 |  7.2

Action                   |  1- 3 |  4- 6 |  7- 9 | 10-12 | 13-15 | 16-18 | 19-21 || total
-------------------------+-------+-------+-------+-------+-------+-------+-------++-------
Melee: Short sword       |    91 |       |    84 |    85 |       |       |       ||   260
       Dagger            |    49 |   188 |   270 |       |       |       |       ||   507
       Quick blade       |       |       |       |   588 |  1068 |  1438 |   108 ||  3202
       Katana            |       |       |       |       |       |   472 |    15 ||   487
Throw: Dart              |       |       |    33 |   124 |    84 |    31 |     1 ||   273
       Boomerang         |       |       |       |    69 |    36 |    38 |       ||   143
Invok: Berserk           |     5 |     9 |    16 |    21 |    27 |    34 |     2 ||   114
       Trog's Hand       |       |       |       |     2 |     6 |     4 |       ||    12
       Brothers in Arms  |       |       |       |       |     2 |     1 |       ||     3
  Use: Scroll            |       |       |    11 |    10 |    13 |     6 |     1 ||    41
       Potion            |       |       |       |     1 |     1 |       |     2 ||     4
 Stab: Sleeping          |       |     4 |    14 |    32 |    37 |    47 |     1 ||   135
       Distracted        |       |       |     1 |       |     1 |     8 |       ||    10
Armor: Animal skin       |     8 |     6 |     1 |       |       |       |       ||    15
       Swamp dragon scal |       |       |    16 |    38 |    47 |   101 |     7 ||   209
Dodge: Dodged            |   104 |   125 |   204 |   245 |   422 |   894 |    70 ||  2064
Block: Buckler           |       |       |       |       |    22 |   308 |    38 ||   368
       Rpst.: Katana     |       |       |       |       |       |    57 |     7 ||    64

Table legend: (Time is in decaauts)
 A = Elapsed time spent in this place.
 B = Non-inter-level travel time spent in this place.
 C = Inter-level travel time spent in this place.
 D = Time resting spent in this place.
 E = Time spent auto-exploring this place.
 F = Levels seen in this place.
 G = Mean time per level.
                   A        B        C        D        E       F      G
               +--------+--------+--------+--------+--------+-----+--------+
         Total |  32350 |  31176 |   1174 |  13439 |  11918 |  31 | 1043.5 |
       Dungeon |  17966 |  17293 |    673 |   7479 |   6803 |  15 | 1197.7 |
          Lair |   4754 |   4468 |    286 |   1526 |   2135 |   6 |  792.3 |
     Snake Pit |   4673 |   4570 |    103 |   2307 |   1384 |   4 | 1168.2 |
  Orcish Mines |   1456 |   1401 |     55 |    684 |    397 |   2 |  728.0 |
        Vaults |   2102 |   2047 |     55 |    876 |    797 |   2 | 1051.0 |
      Ice Cave |    867 |    867 |      0 |    258 |    297 |   1 |  867.0 |
      Gauntlet |    529 |    529 |      0 |    307 |    102 |   1 |  529.0 |
               +--------+--------+--------+--------+--------+-----+--------+

Top non-repeatable levels by time:
    D:12: 2204 daAuts
    D:13: 2130 daAuts
     D:5: 1909 daAuts
    D:15: 1886 daAuts
 Snake:3: 1522 daAuts
     D:9: 1474 daAuts
 Snake:4: 1403 daAuts
Vaults:1: 1397 daAuts
  Lair:2: 1324 daAuts
     D:1: 1227 daAuts
     D:3: 1174 daAuts
 Snake:2: 1023 daAuts
     D:8: 1011 daAuts
   Orc:2: 951 daAuts
  Lair:5: 886 daAuts
